 Dungeon Crawl Stone Soup version 0.29-a0-653-gd47aff6735 (webtiles) character file.

Game seed: 3918847887038212607

29 Flippered the Ruffian (level 3, -10/29 HPs)
             Began as a Ghoul Monk on June 22, 2022.
             Was a Priest of Hepliaklqana.
             Mangled by Sigmund
             ... wielding a +4 scythe
              (12 damage)
             ... on level 2 of the Dungeon.
             The game lasted 00:03:20 (1386 turns).

Flippered the Ruffian (Ghoul Monk)                  Turns: 1386, Time: 00:03:21

Health: -10/29     AC:  3    Str: 14    XL:     3   Next: 16%
Magic:  2/2        EV: 12    Int:  7    God:    Hepliaklqana [***...]
Gold:   47         SH:  0    Dex: 11    Spells: 2/2 levels left

rFire   . . .      SeeInvis .     - Unarmed
rCold   + . .      Faith    .   (no shield)
rNeg    + + +      Spirit   .   a - +0 robe
rPois   ∞          Reflect  .   (no helmet)
rElec   .          Harm     .   m - +0 cloak
rCorr   .          Rampage  .   (no gloves)
Will    .....                   (no boots)
Stlth   ++........              (no amulet)
HPRegen 0.00/turn               (no ring)
MPRegen 0.08/turn               (no ring)

@: inhibited regen
A: reduced essence, claws 1, cold resistance 1, negative energy resistance 3,
inhibited regeneration, torment resistance 2, devour on kill
a: Renounce Religion, Recall Ancestor, Ancestor Identity, Transference


You were on level 2 of the Dungeon.
You worshipped Hepliaklqana.
Hepliaklqana was most pleased with you.
You visited 1 branch of the dungeon, and saw 2 of its levels.

You collected 47 gold pieces.

Inventory:

Missiles
 h - 5 poisoned darts (quivered)
Armour
 a - a +0 robe (worn)
 g - a scarf of resistance
 m - a +0 cloak (worn)
Magical Staves
 q - a staff of conjuration
Scrolls
 e - a scroll of fear {unknown}
 f - 2 scrolls of teleportation {unknown}
 l - 2 scrolls of vulnerability {unknown}
 n - a scroll of brand weapon {unknown}
 p - a scroll of noise {unknown}
 s - a scroll of enchant armour {unknown}
Potions
 b - a potion of ambrosia
 c - a potion of might {unknown}
 d - a potion of cancellation {unknown}
 i - a potion of curing {unknown}
 j - 2 potions of flight {unknown}
 k - a potion of brilliance {unknown}
 o - a potion of lignification {unknown}
 r - 2 potions of haste {unknown}


   Skills:
 + Level 3.7 Fighting
 - Level 2.6 Dodging
 - Level 2.1 Stealth
 * Level 4.2 Unarmed Combat


You had 2 spell levels left.
You didn't know any spells.
Your spell library was empty.

Dungeon Overview and Level Annotations

Branches:
Dungeon (2/15)

Altars:
Hepliaklqana

Shops:
D:1 :

Annotations:
D:2 Sigmund


Innate Abilities, Weirdness & Mutations

Your life essence is reduced to manifest your ancestor. (-10% HP)
You are immune to poison.
You have sharp fingernails.
Your flesh is cold resistant. (rC+)
You are immune to negative energy. (rN+++)
You do not regenerate when monsters are visible.
You are immune to unholy pain and torment.
You thrive by killing the living.


Message History

The magic dart hits you!
A goblin comes into view. It is wielding a +0 club.
Osbert gestures at Sigmund while chanting.
Sigmund resists with some effort.
Sigmund hits you with a +4 scythe!
You barely miss Sigmund.
The goblin shouts!
Osbert casts a spell at Sigmund.
Sigmund resists with some effort.
Sigmund hits you with a +4 scythe.
You scratch Sigmund but do no damage. You scratch Sigmund.
Sigmund is lightly wounded.
Sigmund completely misses you.
You scratch Sigmund but do no damage.
Sigmund is lightly wounded.
Osbert closely misses Sigmund.
Sigmund gestures at you while chanting. The magic dart hits you.
* * * LOW HITPOINT WARNING * * *
Osbert gestures at Sigmund while chanting.
Sigmund seems to slow down.
You scratch Sigmund.
Sigmund is moderately wounded.
The goblin closely misses Osbert.
You claw Sigmund!
Sigmund is heavily wounded.
Osbert barely misses Sigmund.
The goblin barely misses Osbert.
Sigmund hits you with a +4 scythe.
* * * LOW HITPOINT WARNING * * *
Osbert hits Sigmund with a +0 dagger of draining.
You closely miss Sigmund.
Sigmund is severely wounded.
Osbert hits Sigmund with a +0 dagger of draining.
The goblin closely misses Osbert.
Osbert barely misses Sigmund.
You barely miss Sigmund.
Sigmund is severely wounded.
Sigmund is no longer moving slowly.
Osbert hits Sigmund with a +0 dagger of draining.
The goblin hits Osbert with a +0 club.
Sigmund hits you with a +4 scythe!
You die...

....... .... ..
#.).........# ...####
...#.##..
#...........# ......#
........#
#...........# ......+
........#
#...........#
......#..........#
#...........#
......... .......#
#####.......#
.....#.#
#..#g#######.......##
.)...#
#..@R......'........#
.....#
#...@...####........#
.....#
#.......+...........#
.....#
#..(....##...########
.....# #............#
.....#
#............##
$....#
...............#
#.##..###...##.# ..
...#....#.#.#.#..#
#.##.#.#.#.#..#


You could see the friendly Osbert the hexer, Sigmund and a goblin (ally target).

Vanquished Creatures
  2 ball pythons
  An endoplasm (D:1)
  4 goblins
  A hobgoblin (D:1)
  2 jackals (D:2)
  A kobold (D:1)
  A frilled lizard (D:1)
  3 rats (D:1)
15 creatures vanquished.

Vanquished Creatures (collateral kills)
  A worm (D:2)
  2 endoplasms (D:1)
  3 jackals (D:2)
  A kobold (D:2)
7 creatures vanquished.

Grand Total: 22 creatures vanquished

Notes
Turn   | Place    | Note
-------+----------+-------------------------------------------
     0 | D:1      | Flippered the Ghoul Monk began the quest for the Orb.
     0 | D:1      | Reached XP level 1. HP: 19/19 MP: 0/0
   191 | D:1      | Found a faded altar of an unknown god.
   206 | D:1      | Prayed at the altar of an unknown god.
   206 | D:1      | Became a worshipper of Hepliaklqana the Forgotten
   206 | D:1      | Reached * piety under Hepliaklqana
   206 | D:1      | Reached ** piety under Hepliaklqana
   207 | D:1      | Remembered your ancestor Osbert as a hexer
   290 | D:1      | Reached XP level 2. HP: 10/23 MP: 1/1
   524 | D:1      | Reached *** piety under Hepliaklqana
   781 | D:1      | Found Vemifrip's Book Shop.
  1073 | D:2      | Reached skill level 4 in Unarmed Combat
  1229 | D:2      | Reached XP level 3. HP: 29/29 MP: 2/2
  1374 | D:2      | Noticed Sigmund
  1386 | D:2      | Mangled by Sigmund

Illustrated notes

Levels and vault maps discovered:
D:1:      sevenhm_arrival_forest_fort_large_2, layout_loops_ring,
          hellmonk_ecumenical_altar_blasted, serial_shops,
          nicolae_shop_behind_doors
D:2:      layout_basic, uniq_sigmund

Skill      XL: |  1  2 |
---------------+-------+-----
Unarmed Combat | 4 |  4.2
Fighting       | |  3.7
Dodging        | |  2.6
Stealth        | |  2.1

Action                   || total
-------------------------++-------
Melee: Unarmed           ||    52
Invok: Ancestor Life: He ||     1
 Stab: Confused          ||     1
       Sleeping          ||     1
Armor: Robe              ||     3
Dodge: Dodged            ||    13

Table legend: (Time is in decaauts)
 A = Elapsed time spent in this place.
 B = Non-inter-level travel time spent in this place.
 C = Inter-level travel time spent in this place.
 D = Time resting spent in this place.
 E = Time spent auto-exploring this place.
 F = Levels seen in this place.
 G = Mean time per level.
                   A        B        C        D        E       F      G
               +--------+--------+--------+--------+--------+-----+--------+
         Total |   1382 |   1311 |     71 |      0 |   1087 |   2 |  691.0 |
       Dungeon |   1382 |   1311 |     71 |      0 |   1087 |   2 |  691.0 |
               +--------+--------+--------+--------+--------+-----+--------+

Top non-repeatable levels by time:
     D:1: 1067 daAuts
     D:2: 315 daAuts
